 Dungeon Crawl Stone Soup version 0.25-b1-37-g2669288c55 (webtiles) character file.

Game seed: 16954135110593930273

6202 brodsky the Fighter (level 10, -4/110 HPs)
             Began as an Ogre Hunter on June 6, 2020.
             Slain by a yak (12 damage)
             ... on level 8 of the Dungeon.
             The game lasted 00:33:37 (12543 turns).

brodsky the Fighter (Ogre Hunter)                  Turns: 12543, Time: 00:33:38

Health: -4/110     AC:  7    Str: 24    XL:     10   Next: 92%
Magic:  15/15      EV: 14    Int: 19    God:
Gold:   299        SH:  0    Dex: 17    Spells: 9/9 levels left

rFire    . . .     SeeInvis +   r - +3 quarterstaff (chaos)
rCold    . . .     Gourm    .   (shield currently unavailable)
rNeg     . . .     Faith    .   k - +2 robe {MR+}
rPois    .         Spirit   .   (helmet restricted)
rElec    .         Reflect  .   v - +1 cloak {rCorr}
rCorr    +         Harm     .   (gloves unavailable)
MR       ++...                  (boots unavailable)
Stlth    ++........             m - amulet of the acrobat
HPRegen  0.28/turn              o - +4 ring of evasion
MPRegen  0.14/turn              L - ring of Byago {*Corrode Str+6 Int+5 Dex+7 SInv}

@: no status effects
A: large, unfitting armour, tough skin 1
a: no special abilities


You were on level 8 of the Dungeon.
You were near starving.

You visited 2 branches of the dungeon, and saw 9 of its levels.
You also visited: Ossuary.

You collected 464 gold pieces.
You spent 165 gold pieces at shops.

Inventory:

Hand Weapons
 r - a +3 quarterstaff of chaos (weapon)
 x - a +0 morningstar
 K - a +1 whip of venom
Missiles
 c - a large rock
 i - 2 datura-tipped darts
 p - 4 curare-tipped darts
 H - 3 boomerangs (quivered)
Armour
 k - a +2 robe of magic resistance (worn)
 v - a +1 cloak of preservation (worn)
Jewellery
 b - an uncursed ring of see invisible
 d - an uncursed ring of resist corrosion
 m - an amulet of the acrobat (around neck)
 o - a +4 ring of evasion (left hand)
 F - an uncursed ring of poison resistance
 J - a cursed -4 ring of dexterity {unknown}
 L - the ring of Byago (right hand) {*Corrode Str+6 Int+5 Dex+7 SInv}
   (You found it on level 7 of the Dungeon)

   [ring of strength]

   It affects your strength (+6).
   It affects your intelligence (+5).
   It affects your dexterity (+7).
   It lets you see invisible.
   It may corrode you when you take damage.
 N - an uncursed ring of positive energy
Wands
 M - a wand of paralysis (13)
 O - a wand of random effects (16)
Scrolls
 a - a scroll of blinking {unknown}
 e - 4 scrolls of enchant armour
 t - a scroll of summoning {unknown}
 w - a scroll of teleportation
 y - 4 scrolls of remove curse
 C - 2 scrolls of immolation
 E - 2 scrolls of amnesia
 I - a scroll of enchant weapon
Potions
 g - 4 potions of lignification
 h - 4 potions of curing
 j - 3 potions of might
 l - 2 potions of berserk rage {unknown}
 n - a potion of mutation {unknown}
 q - a potion of stabbing {unknown}
 s - a potion of ambrosia {unknown}
 u - 2 potions of haste
 z - 2 potions of resistance {unknown}
 A - a potion of degeneration {unknown}
 B - 2 potions of invisibility {unknown}
 D - 2 potions of brilliance {unknown}
 G - a potion of heal wounds
Comestibles
 f - 17 rations


   Skills:
 + Level 9.9 Fighting
 - Level 8.2 Maces & Flails
 - Level 8.0 Throwing
 - Level 1.7 Dodging
 - Level 0.6 Stealth
 - Level 7.3 Evocations


You had 9 spell levels left.
You didn't know any spells.
Your spell library contained the following spells:

 Spells                   Type           Power        Failure   Level  Hunger
 Animate Skeleton         Necr           N/A          21%         1    ##.....
 Apportation              Tloc           #.....       21%         1    ##.....
 Beastly Appendage        Tmut           #.....       21%         1    ##.....
 Corona                   Hex            #......      21%         1    ##.....
 Pain                     Necr           #...         21%         1    ##.....
 Summon Small Mammal      Summ           #...         21%         1    ##.....
 Sticks to Snakes         Tmut           #.......     30%         2    ###....
 Spider Form              Tmut/Pois      #.........   52%         3    ####...
 Vampiric Draining        Necr           #.........   52%         3    ####...
 Animate Dead             Necr           N/A          90%         4    #####..
 Ice Form                 Ice/Tmut       #.......     90%         4    #####..
 Agony                    Necr           #.......     99%         5    ######.
 Blade Hands              Tmut           #.........   99%         5    ######.


Dungeon Overview and Level Annotations

Branches:
Dungeon (8/15)             Temple (1/1) D:5            Lair (0/6) D:8
Ossuary (visited)

Altars:
Ashenzari
Cheibriados
Dithmenos
Elyvilon
Fedhas
Gozag
Hepliaklqana
Kikubaaqudgha
Makhleb
Nemelex Xobeh
Qazlal
Sif Muna
Trog
Uskayaw
Vehumet
Wu Jian
Xom
Yredelemnul
Zin
The Shining One

Shops:
D:7 }


Innate Abilities, Weirdness & Mutations

You are too large for most types of armour.
You have tough skin. (AC +1)


Message History

You hit the yak but do no damage.
The yak is heavily wounded.
The yak gores you! x2
* * * LOW HITPOINT WARNING * * *
You barely miss the yak.
The yak is heavily wounded.
The yak gores you.
* * * LOW HITPOINT WARNING * * *
You hit the yak.
The yak is severely wounded.
The yak gores you!
* * * LOW HITPOINT WARNING * * *
The yak gores you but does no damage.
You hit the yak. You burn the yak.
The yak is almost dead.
The yak closely misses you.
You thump the yak! You burn the yak.
You kill the yak!
The yak gores you!
You die...

###......##......#
#.....#
#########......#
#.....#
###########...##
#.....#
#..........Y...#
#.....#
#..............#
#.....#
#..........#...#
#.....#
#.......YYY#...#
#.....#
#########Y##...#
#.....# #@######
#.....# #......#
####### ###.##.#
#.##.# #....#
#....# ####.# #<#
###


You could see a death yak and 4 yaks.

Vanquished Creatures
  A death yak (D:7)
  Grinder (D:3)
  Sigmund (D:5)
  Eustachio (D:4)
  A human (D:7)
  2 yaks (D:8)
  4 hogs (D:7)
  Edmund (D:4)
  2 ice beasts (D:8)
  2 hornet zombies (Ossuary)
  An eye of draining (D:8)
  4 ogres
  A crocodile (D:3)
  A big kobold (D:7)
  4 bullfrogs
  A wyvern zombie (Ossuary)
  A water moccasin zombie (Ossuary)
  2 scorpions
  5 killer bees (D:7)
  2 wights (D:8)
  A howler monkey (D:5)
  A crimson imp (D:7)
  7 centaur zombies
  4 bullfrog zombies
  4 hounds
  5 jellies
  Crazy Yiuf (D:3)
  An orc priest (D:7)
  5 orc wizards
  4 iguanas
  4 worker ants
  2 killer bee zombies (Ossuary)
  3 hound zombies (Ossuary)
  A hound skeleton (D:5)
  14 mummies
  3 worker ant zombies (Ossuary)
  4 gnolls (D:4)
  11 adders
  2 oozes (D:3)
  An adder skeleton (D:5)
  3 adder zombies (Ossuary)
  A dart slug (D:2)
  6 worms
  8 leopard geckos
  24 orcs
  A ball python (D:3)
  3 bats
  4 giant cockroaches
  7 goblins
  9 hobgoblins
  11 jackals
  9 kobolds
  4 quokkas
  4 frilled lizards
  A giant cockroach zombie (Ossuary)
  A goblin zombie (D:6)
  A jackal zombie (Ossuary)
  A kobold zombie (D:6)
  2 leopard gecko zombies
  2 quokka zombies (Ossuary)
  4 rats
222 creatures vanquished.

Notes
Turn   | Place    | Note
-------+----------+-------------------------------------------
     0 | D:1      | brodsky the Ogre Hunter began the quest for the Orb.
     0 | D:1      | Reached XP level 1. HP: 22/22 MP: 1/1
    42 | D:1      | Reached skill level 3 in Fighting
   275 | D:1      | Reached XP level 2. HP: 31/31 MP: 2/2
   670 | D:2      | Reached skill level 4 in Fighting
   724 | D:2      | Reached XP level 3. HP: 10/40 MP: 3/3
  1051 | D:2      | Found a faded altar of an unknown god.
  1372 | D:2      | Reached skill level 5 in Fighting
  2259 | D:2      | Found a bloodstained altar of Trog.
  2362 | D:2      | Found a shimmering blue altar of Sif Muna.
  2362 | D:2      | Found a shadowy altar of Dithmenos.
  2477 | D:3      | Reached XP level 4. HP: 50/50 MP: 4/4
  2733 | D:3      | Noticed a crocodile
  2842 | D:3      | Noticed Grinder
  3091 | D:3      | Reached XP level 5. HP: 37/59 MP: 5/5
  3438 | D:3      | Found a shimmering altar of Xom.
  3908 | D:4      | Noticed an ogre
  3954 | D:3      | Reached skill level 5 in Throwing
  4095 | D:3      | Killed Grinder
  4095 | D:3      | Reached skill level 6 in Fighting
  4095 | D:3      | Reached XP level 6. HP: 68/68 MP: 6/6
  4130 | D:3      | Found a runed translucent door.
  4131 | D:3      | Noticed Crazy Yiuf
  4137 | D:3      | Killed Crazy Yiuf
  4225 | D:3      | Reached skill level 7 in Fighting
  4225 | D:3      | Reached XP level 7. HP: 78/78 MP: 7/7
  4712 | D:4      | Found a shattered altar of Ashenzari.
  4762 | D:4      | Noticed Eustachio
  4773 | D:4      | Killed Eustachio
  5623 | D:4      | Reached skill level 1 in Maces & Flails
  5723 | D:4      | Reached XP level 8. HP: 87/87 MP: 8/8
  5743 | D:5      | Entered Level 5 of the Dungeon
  5743 | D:5      | Noticed Sigmund
  6133 | D:5      | Noticed Edmund
  6176 | D:4      | Killed Edmund
  6641 | D:5      | Found a staircase to the Ecumenical Temple.
  6650 | Temple   | Entered the Ecumenical Temple
  6894 | D:5      | Killed Sigmund
  6894 | D:5      | Reached skill level 5 in Maces & Flails
  7483 | D:6      | Found a burning altar of Makhleb.
  7553 | D:6      | Reached XP level 9. HP: 68/93 MP: 9/9
  7640 | D:6      | Found a sand-covered staircase.
  7772 | Ossuary  | Entered an ossuary
  7865 | Ossuary  | HP: 4/139 [something (4)]
  7960 | Ossuary  | HP: 3/93 [bullfrog zombie (7)]
  7961 | Ossuary  | HP: 1/93 [bullfrog zombie (2)]
  8410 | Ossuary  | Reached skill level 8 in Fighting
  8644 | Ossuary  | Reached skill level 9 in Fighting
 10013 | D:7      | Found a sparkling altar of Nemelex Xobeh.
 10013 | D:7      | Found a hide-covered altar of Uskayaw.
 10013 | D:7      | Found an ancient bone altar of Kikubaaqudgha.
 10014 | D:7      | Found a glowing golden altar of the Shining One.
 10206 | D:7      | Found Yka Gich's Gadget Emporium.
 10208 | D:7      | Got a vibrating silver ring
 10215 | D:7      | Bought a wand of paralysis (13) for 165 gold pieces
 10461 | D:7      | Reached skill level 1 in Evocations
 10468 | D:7      | Identified the ring of Byago {*Corrode Str+6 Int+5 Dex+7
                  | SInv} (You found it on level 7 of the Dungeon)
 10590 | D:7      | Reached XP level 10. HP: 104/109 MP: 11/11
 10619 | D:7      | Found a snail-covered altar of Cheibriados.
 10707 | D:7      | Found a stormy altar of Qazlal.
 11602 | D:8      | Found a staircase to the Lair.
 11602 | D:8      | Noticed a death yak
 11602 | D:8      | Noticed a death yak
 11603 | D:8      | Noticed a death yak
 11643 | D:7      | Killed a death yak
 11643 | D:7      | Reached skill level 5 in Evocations
 12371 | D:7      | Banished a death yak
 12543 | D:8      | Slain by a yak

Illustrated notes

Levels and vault maps discovered:
D:1:      mushboom_english_gardens, layout_rooms
D:2:      layout_basic, gammafunk_temple_overflow_elements,
          chequers_ecumenical_altar_simple, first_ration, bloody_trog
D:3:      layout_loops_ring, old_standard_altar,
          minmay_fractal_squares_diagonal_5, uniq_crazy_yiuf_cottage,
          uniq_grinder
D:4:      layout_rooms, lemuel_round_altar, uniq_eustachio
D:5:      layout_basic, minmay_temple_entry_waves, uniq_edmund, uniq_sigmund
D:6:      layout_loops_corners, nicolae_overflow_crystal_walls,
          nicolae_ossuary_entry_giza
D:7:      layout_loops_corners, cheibrodos_worm_habitat,
          chequers_temple_overflow_statue_of_worship, basic_altar, serial_shops,
          nicolae_shop_crystal, serial_bayou_pond_c, grunt_livestock
D:8:      layout_basic, gammafunk_temple_overflow_wave, dpeg_lair_monsters
Temple:   eino_wide_crystal_templ

Skill      XL: |  1  2  3  4  5  6  7  8  9 10 |
---------------+-------------------------------+-----
Fighting       | 3 4 5 6 7 9 |  9.9
Throwing       | 5 6 8 |  8.0
Maces & Flails | 2 6 8 |  8.2
Evocations     | 2 7 |  7.3
Dodging        | |  1.7
Stealth        | |  0.6

Action                   |  1- 3 |  4- 6 |  7- 9 | 10-12 || total
-------------------------+-------+-------+-------+-------++-------
Melee: Short sword       |    76 |       |       |       ||    76
       Dagger            |   112 |   366 |   359 |       ||   837
       Quarterstaff      |       |       |   300 |   125 ||   425
Throw: Large rock        |    19 |    25 |    58 |     4 ||   106
       Throwing net      |     2 |     3 |       |       ||     5
       Boomerang         |       |    22 |    53 |    21 ||    96
       Dart              |       |       |     6 |     6 ||    12
  Use: Scroll            |     5 |     4 |     8 |       ||    17
       Potion            |       |       |     4 |       ||     4
 Stab: Held in net/web   |     4 |       |       |       ||     4
       Sleeping          |     3 |       |       |     1 ||     4
       Paralysed         |       |       |     7 |     1 ||     8
       Confused          |       |       |     3 |       ||     3
       Petrifying        |       |       |       |     1 ||     1
  Eat: Chunk             |     5 |     7 |    17 |     5 ||    34
       Ration            |       |       |     1 |       ||     1
Armor: Robe              |    50 |    98 |   220 |    21 ||   389
       Skin              |       |       |    11 |       ||    11
Dodge: Dodged            |   112 |   290 |   556 |    68 ||  1026
